AoeStats
← goatknobs

Arena

510928761Analyzed
2v2 RM · 6h ago on Oct 3, 2026· 50m 5s· 4 players
Game mode
Random Map
Map size
Medium (4 player)
Population
200
Speed
Normal
Resources
Standard
Victory
Conquest
Starting age
Dark Age
Ending age
Imperial Age
RankedLock teamsTeams togetherTeam positionsShared explorationLock speedFull tech treeHidden civsTurbo modeCheats
Victory
Defeat
🇺🇸 Romans · United States
1004
+17
🇨🇱 Burgundians · Chile
978
+17
🇺🇸 Saxons · United States
1023
-17
🇦🇷 Turks · Argentina
1007
-17
goatknobs
7:32 Loom
11:12 Feudal Age
11:20 Loom
12:58 Double-Bit Axe
15:49 Castle Age
14:00 Horse Collar
15:01 Gold Mining
15:06 Stone Mining
16:36 Scale Mail Armor
31:41 Heavy Plow
33:29 Wheelbarrow
32:42 Town Watch
34:20 Squires
35:02 Gambesons
35:32 Forging
35:42 Chain Mail Armor
35:45 Stone Mining
35:37 Elite Skirmisher
36:12 Fletching
36:25 Padded Archer Armor
40:58 Imperial Age
39:22 Gold Shaft Mining
39:58 Bow Saw
39:44 Arson
40:21 Bodkin Arrow
40:43 Leather Archer Armor
41:12 Iron Casting
41:38 Elite Varangian Guard
43:32 Two-Man Saw
43:13 Plate Mail Armor
43:26 Crop Rotation
43:21 Conscription
42:36 Shield Wall
44:44 Hoardings
44:59 Hand Cart
44:15 Elite Hearth Troop
46:53 Masonry
46:40 Murder Holes
49:07 Town Patrol
49:51 Ballistics
50:01 Architecture
gutierrezpa4
10:41 Feudal Age
8:57 Loom
15:35 Castle Age
16:48 Double-Bit Axe
16:45 Horse Collar
26:00 Wheelbarrow
26:10 Padded Archer Armor
28:41 Hand Cart
28:34 Gold Mining
30:22 Husbandry
31:03 Forging
32:19 Bloodlines
37:03 Imperial Age
36:00 Scale Barding Armor
38:52 Iron Casting
38:51 Chain Barding Armor
40:12 Town Watch
40:05 Heavy Camel Rider
41:34 Hoardings
ITVE | Jose.Antonio.Paez
9:10 Feudal Age
7:52 Loom
12:45 Castle Age
12:46 Double-Bit Axe
32:42 Wheelbarrow
31:52 Town Watch
32:49 Forging
32:40 Scale Mail Armor
34:06 Ballistics
34:47 Hand Cart
35:39 Iron Casting
35:20 Chain Mail Armor
35:34 Bow Saw
36:33 Town Patrol
37:57 Squires
37:19 Man-at-Arms
38:18 Chain Mail Armor
42:26 Imperial Age
39:36 Long Swordsman
41:35 Scale Barding Armor
42:52 Legionary
44:37 Blast Furnace
43:07 Capped Ram
46:17 Siege Ram
IronWill
11:47 Feudal Age
10:22 Double-Bit Axe
10:18 Horse Collar
15:52 Castle Age
14:44 Bow Saw
16:33 Heavy Plow
20:14 Husbandry
21:30 Cavalier
24:38 Loom
25:37 Scale Barding Armor
25:37 Gold Mining
26:17 Forging
26:46 Chain Barding Armor
29:25 Wheelbarrow
29:42 Iron Casting
30:16 Gold Shaft Mining
29:32 Stone Mining
32:15 Two-Man Saw
33:55 Imperial Age
31:58 Fletching
34:13 Bodkin Arrow
34:35 Padded Archer Armor
35:24 Plate Barding Armor
35:50 Blast Furnace
34:25 Onager
35:12 Bracer
36:01 Hand Cart
35:32 Town Watch
36:18 Leather Archer Armor
37:20 Conscription
38:44 Caravan
39:14 Coinage
39:36 Ballistics
41:06 Chemistry
39:48 Treadmill Crane
40:18 Masonry
40:20 Fortified Wall
41:14 Banking
40:57 Light Cavalry
42:33 Hussar
44:29 Architecture
47:10 Capped Ram
Connection lost

Rejoining the realm…

Still unreachable

The connection could not be restored.

Session expired

The server has moved on; the page needs a fresh start.